[Event "Live Chess"]
[Site "Chess.com"]
[Date "2024.06.01"]
[Round "-"]
[White "RuslanChessN"]
[Black "Ferrarifan27"]
[Result "1-0"]
[WhiteElo "1986"]
[BlackElo "2071"]
[TimeControl "300"]
[EndTime "9:16:45 PDT"]
[Termination "RuslanChessN won by checkmate"]

1. d4 Nf6 2. c4 e6 3. Nc3 Bb4 4. Qc2 O-O 5. e4 d6 6. f4 b6 7. Bd3 h6 8. Nf3 Bb7 9. O-O Nbd7 10. Bd2 Re8 11. e5 dxe5 12. fxe5 Nh5 13. g4 Nhf6 14. exf6 Nxf6 15. h3 Bxf3 16. Rxf3 Qxd4+ 17. Kg2 Qd7 18.
a3 Bd6 19. Rd1 Rad8 20. Bf4 e5 21. Bf5 Qc6 22. Bg3 Qxc4 23. Qe2 Qc6 24. Ne4 Nxe4 25.
Bxe4 Qc5 26. Bd5 Rd7 27. b4 e4 28. Rb3 Bxg3 29. bxc5 Bf4 30. Bc6 Rxd1 31. Qxd1 Re6 32. Qd7 e3 33. Bd5 e2 34. Rb1 e1=Q 35. Rxe1 Rxe1 36.
Qxf7+ Kh7 37. Qf5+ Kh8 38. Qf8+ Kh7 39. Qxf4 Re2+ 40.
Kg3 bxc5 41. Qf8 Re3+ 42. Kf2 Rxh3 43. Bg8+ Kg6 44. Qf5# 1-0

[Event "Live Chess"]
[Site "Chess.com"]
[Date "2024.06.01"]
[Round "-"]
[White "PureDashingOctopus"]
[Black "JohanKjeldahl"]
[Result "1-0"]
[WhiteElo "2229"]
[BlackElo "1876"]
[TimeControl "300"]
[EndTime "9:16:52 PDT"]
[Termination "PureDashingOctopus won by checkmate"]

1. e4 c5 2. Nc3 e6 3. Nge2 Nc6 4. d4 cxd4 5. Nxd4 a6 6. Be3 Qc7 7. g4 h6 8. Qd2 Nf6 9. f3 Be7 10. O-O-O b5 11. h4 Ne5 12. Be2 Bb7 13. g5 Ng8 14.
Ndxb5 axb5 15. Nxb5 Qa5 16. Qxa5 Rxa5 17. Bb6 Rxa2 18. Kb1 Ra4 19. b3 Rb4 20. Ba5 Nxf3 21. Bxb4 Ne5 22. Nd6+ Bxd6 23. Bxd6 Nc6 24. gxh6 Rxh6 25.
Rdg1 Nd4 26. Rxg7 Rh8 27. Rhg1 Nh6 28. Bd3 Nf3 29. R1g3 Nxh4 30. Bf4 Ng6 31. Bd6 Rg8 32. Rxg8+ Nxg8 33. e5 N8e7 34. Bxg6 Nxg6 35. Rc3 Bc6 36. b4 Kd8 37. Rc5 Nf4 38. b5 Bd5 39. b6 Ne2 40. Rxd5 Nc3+ 41. Kb2 Nxd5 42. b7 Nc3 43. b8=Q# 1-0

[Event "Live Chess"]
[Site "Chess.com"]
[Date "2024.06.01"]
[Round "-"]
[White "GEMdzq"]
[Black "Trendle"]
[Result "0-1"]
[WhiteElo "2332"]
[BlackElo "2622"]
[TimeControl "300"]
[EndTime "9:16:53 PDT"]
[Termination "Trendle won by resignation"]

1. e4 e6 2. d4 d5 3. Nc3 Nc6 4. Bb5 Bb4 5. e5 Bd7 6. Bxc6 Bxc6 7. Qg4 Bf8 8. Nge2 Nh6 9. Bxh6 gxh6 10. h4 Qe7 11.
O-O-O O-O-O 12. Rh3 f5 13. exf6 Qxf6 14. Rf3 Qe7 15. Re3 Bd7 16. Qf3 Qxh4 17. g3 Qg5 18. Nf4 Bd6 19. Nxe6 Bxe6 20. Nb5 Bg4 21. Nxd6+ Rxd6 0-1

[Event "Live Chess"]
[Site "Chess.com"]
[Date "2024.06.01"]
[Round "-"]
[White "ACM42"]
[Black "GerardATHart"]
[Result "1-0"]
[WhiteElo "2214"]
[BlackElo "1453"]
[TimeControl "300"]
[EndTime "9:16:59 PDT"]
[Termination "ACM42 won by checkmate"]

1. e4 e5 2. Nf3 Nc6 3. Bc4 Nf6 4.
d4 exd4 5. e5 Ne4 6. Bd5 Nc5 7.
Nxd4 Nxe5 8. O-O d6 9. f4 Ng6 10. f5 Ne7 11. Bc4 d5 12. Be2 Nc6 13. Nc3 Be7 14.
Bf3 O-O 15. Nxd5 Ne5 16. Nxe7+ Qxe7 17. f6 gxf6 18. Bh6 Rd8 19. c3 Bf5 20. Nxf5 Qe6 21. Nd4 Qc4 22. Qe1 Ng6 23. b3 Qd3 24. Rd1 Qxd1 25. Qxd1 Ne6 26. Qc2 c5 27. Nf5 Rd7 28. h4 Rad8 29. h5 Rd2 30. Bxd2 Ne5 31. Bxb7 Ng5 32.
Bxg5 fxg5 33. Nh6+ Kg7 34. Qf5 f6 35. Qxf6# 1-0

[Event "Live Chess"]
[Site "Chess.com"]
[Date "2024.06.01"]
[Round "-"]
[White "Ratt6809"]
[Black "RamsayFlayer"]
[Result "0-1"]
[WhiteElo "296"]
[BlackElo "1964"]
[TimeControl "300"]
[EndTime "9:17:00 PDT"]
[Termination "RamsayFlayer won by checkmate"]

1. e4 e5 2. Nf3 Nc6 3. d4 exd4 4.
Nxd4 Bc5 5. c3 Qf6 6. Be3 Nge7 7. Bc4 Ne5 8. Bd5 Nxd5 9. exd5 Nc4 10. Bf4 Qxf4 11. O-O Nxb2 12. Qe1+ Be7 13. Na3 Nd3 14. g3 Nxe1 15. Rfxe1 Qg5 16. f4 Qf6 17. Rad1 O-O 18. Re2 Bxa3 19. Rde1 Bc5 20. g4 Bxd4+ 21. cxd4 Qxd4+ 22. Kg2 Qxd5+ 23. Kh3 Qf3+ 24. Kh4 Qxf4 25. Kh5 d5 26. Re5 Qxg4# 0-1

[Event "Live Chess"]
[Site "Chess.com"]
[Date "2024.06.01"]
[Round "-"]
[White "Keithdfg"]
[Black "viktorskliarov"]
[Result "1/2-1/2"]
[WhiteElo "1747"]
[BlackElo "2638"]
[TimeControl "300"]
[EndTime "9:17:02 PDT"]
[Termination "Game drawn by repetition"]

1. Nf3 g6 2. g3 Bg7 3. Bg2 Nf6 4. O-O O-O 5. d3 c5 6. c4 d5 7. cxd5 Nxd5 8. Nc3 Nxc3 9. bxc3 Bxc3 10. Bh6 Bg7 11.
Bxg7 Kxg7 12. Qc2 Nd7 13. Rfc1 Rb8 14. Qc3+ Kg8 15. Ne5 Nxe5 16. Qxe5 Bg4 17. Rxc5 b6 18. Rc7 Bxe2 19. Rxe7 Re8 20. Rxe8+ Qxe8 21. Qxe8+ Rxe8 22. Re1 Kf8 23. d4 Bc4 24. Rxe8+ Kxe8 25. a3 b5 26. f4 a5 27. Kf2 Kd7 28. Ke3 Kd6 29. Kd2 b4 30. axb4 axb4 31. Bf3 Bd5 32. Bd1 Kc6 33. Ba4+ Kb6 34. Kc2 Ka5 35. Be8 f6 36. Bd7 h6 37. Be8 g5 38. h4 gxh4 39.
gxh4 Kb6 40. Kd3 Kc7 41. Bh5 Kd6 42. Bg4 Kc6 43. Bc8 Kb5 44. Bd7+ Kb6 45. Be8 Ka5 46.
Bd7 Kb6 47. Be8 1/2-1/2

[Event "Live Chess"]
[Site "Chess.com"]
[Date "2024.06.01"]
[Round "-"]
[White "MiflockHydra"]
[Black "elephantgerrald"]
[Result "0-1"]
[WhiteElo "566"]
[BlackElo "716"]
[TimeControl "300"]
[EndTime "9:17:06 PDT"]
[Termination "elephantgerrald won on time"]

1. d4 d5 2. Bf4 Nc6 3. e3 Nf6 4. Bb5 Bf5 5. Bxc6+ bxc6 6. Qf3 e6 7. c3 Qb8 8. Nd2 Qxb2 9. Rb1 Bxb1 10. Bxc7 Qc1+ 11. Ke2 Qc2 12. Qh3 Qd3+ 13. Ke1 Be7 14. Ngf3 O-O 15. Ne5 Rac8 16. Nxd3 Bxd3 17. Bf4 h6 18. Qg3 Nh5 19. Qg4 Nf6 20. Qg3 Nh5 21. Qh3 Nf6 22. g4 g5 23.
Be5 Kg7 24. Bxf6+ Bxf6 25. Qg3 Rb8 26. h4 gxh4 27. Qf4 Bg5 28. Qe5+ Bf6 29. Qh5 Bg6 30. g5 Bxh5 31. gxf6+ Kxf6 32. Rxh4 Kg5 33. Rh2 f5 34.
Rg2+ Bg4 35. Nf3+ Kh5 36. Rh2+ Kg6 37. Ne5+ Kf6 38. Rxh6+ Kg7 39. Rg6+ Kh7 40. Rxe6 Rb1+ 41. Kd2 Rd1+ 42. Kc2 Rb8 43. Re7+ Kg8 44. Nxc6 Rbb1 45. Nxa7 Rbc1+ 46. Kb3 Rb1+ 47. Ka3 Rd3 48. Re8+ Kf7 49.
Rd8 Rxc3+ 50. Ka4 Rc4+ 51. Ka5 Bd1 52. Ka6 Rc3 53. Rxd5 Ra3+ 54. Ra5 Rc3 55. Rxf5+ Ke6 56. Re5+ Kf6 57. Rd5 Bf3 58. Rd6+ Ke7 59. Rb6 Be2+ 0-1

[Event "Live Chess"]
[Site "Chess.com"]
[Date "2024.06.01"]
[Round "-"]
[White "NottheBishopSacrifice"]
[Black "Harry_Li"]
[Result "0-1"]
[WhiteElo "2109"]
[BlackElo "2140"]
[TimeControl "300"]
[EndTime "9:17:07 PDT"]
[Termination "Harry_Li won by checkmate"]

1. d4 d5 2. Nf3 Nf6 3. Bf4 c5 4. e3 Nc6 5. c3 Qb6 6. Qc2 Nh5 7. Be5 f6 8. dxc5 Qxc5 9. Bd4 Nxd4 10.
exd4 Qc7 11. Bb5+ Bd7 12. Bxd7+ Qxd7 13. O-O e6 14. Nbd2 Bd6 15. g3 O-O 16. Rfe1 Rae8 17. c4 g6 18. Rac1 dxc4 19. Nxc4 Bb8 20. Qe4 Ng7 21. Na5 b6 22. Nc6 Bd6 23. b4 b5 24. a4 a6 25. axb5 axb5 26. d5 e5 27. Qd3 Qb7 28. Na5 Qf7 29. Qxb5 Rb8 30. Qe2 Bxb4 31.
Nc6 Bxe1 32. Nxb8 Rxb8 33. Qxe1 Qxd5 34. Qc3 Ne6 35. Qe3 Rb3 36. Rc8+ Kg7 37. Qa7+ Kh6 38. Ne1 Rb1 39. Qe3+ g5 40. h4 Nd4 41. hxg5+ fxg5 42. Rd8 Qxd8 43. Qe4 Rxe1+ 44. Qxe1 Nf3+ 45. Kf1 Nxe1 46. Kxe1 Qd3 47. g4 e4 48. f3 Kg6 49. fxe4 Qxe4+ 50. Kf2 Qxg4 51. Kf1 h5 52. Kf2 h4 53. Kf1 h3 54.
Kf2 Qg2+ 55. Ke3 h2 56. Kd4 h1=Q 57. Kc5 Qh4 58. Kd6 Qf3 59. Kc5 Qhe4 60. Kd6 Qfd3+ 61.
Kc7 Qec4+ 62. Kb7 Qdb3+ 63. Ka7 Qca4# 0-1

[Event "Live Chess"]
[Site "Chess.com"]
[Date "2024.06.01"]
[Round "-"]
[White "OliWally08"]
[Black "Isambard_Thomas"]
[Result "0-1"]
[WhiteElo "1250"]
[BlackElo "2093"]
[TimeControl "300"]
[EndTime "9:17:12 PDT"]
[Termination "Isambard_Thomas won by resignation"]

1. e4 Nc6 2. Bc4 e5 3. c3 Nf6 4. d3 Bc5 5. Be3 d6 6. Bxc5 dxc5 7. Nf3 Bg4 8. h3 Bxf3 9. Qxf3 Qe7 10. Nd2 O-O-O 11.
O-O Na5 12. Bb3 Kb8 13. Nc4 Nxc4 14. Bxc4 c6 15. a4 h5 16. a5 g5 17. b4 g4 18.
Qe3 cxb4 19. cxb4 gxh3 20. a6 hxg2 21. axb7 gxf1=Q+ 22. Kxf1 Rd4 23. b5 cxb5 24. Bxb5 Qxb7 25. Qc1 Qxb5 26. Qa3 Qxd3+ 27. Qxd3 Rxd3 28. Rb1+ Kc7 29. Ke2 Rhd8 30. Rc1+ Kb7 31. Rb1+ Ka8 32. Rb2 Nxe4 33.
f3 Ng3+ 34. Kf2 h4 35. Ke1 Re3+ 36. Kf2 0-1

[Event "Live Chess"]
[Site "Chess.com"]
[Date "2024.06.01"]
[Round "-"]
[White "CarmelJane"]
[Black "PedroCI"]
[Result "1-0"]
[WhiteElo "2116"]
[BlackElo "1252"]
[TimeControl "300"]
[EndTime "9:17:16 PDT"]
[Termination "CarmelJane won by checkmate"]

1. e4 e5 2. Nf3 Nc6 3. Bc4 Bc5 4. c3 Nf6 5. d3 Na5 6. Nxe5 Nxc4 7.
Nxc4 b5 8. Ne3 d6 9. O-O O-O 10. h3 Nh5 11. Qxh5 g6 12. Qe2 c6 13. d4 Bb6 14. Ng4 Qe7 15. Qf3 f5 16. exf5 Rxf5 17. Nh6+ Kg7 18. Nxf5+ Bxf5 19. Be3 d5 20. Nd2 Bc7 21.
Rae1 Qd6 22. g3 Qd7 23. Bg5 Bd6 24. g4 Be6 25. Qf6+ Kg8 26. Rxe6 Qxe6 27. Qxe6+ Kh8 28. Bf6# 1-0

[Event "Live Chess"]
[Site "Chess.com"]
[Date "2024.06.01"]
[Round "-"]
[White "Zhevzh1k7"]
[Black "edward33_24h"]
[Result "1-0"]
[WhiteElo "1082"]
[BlackElo "624"]
[TimeControl "300"]
[EndTime "9:17:23 PDT"]
[Termination "Zhevzh1k7 won by checkmate"]

1. e4 e5 2. Nf3 Nc6 3. Bc4 Bc5 4. O-O d6 5. c3 Bg4 6. d4 exd4 7. cxd4 Bb4 8. Nc3 Bxc3 9. bxc3 d5 10. exd5 Nb8 11. Re1+ Ne7 12. h3 Bd7 13. Bg5 O-O 14. Bxe7 Qc8 15.
Bxf8 Qxf8 16. Ne5 Bf5 17. d6 Be6 18. dxc7 Nd7 19. Bxe6 fxe6 20. Nxd7 Qd8 21. Nc5 Qxc7 22. Rxe6 b6 23. Qf3 Rc8 24. Qd5 bxc5 25. Rc6+ Qf7 26.
Rxc8# 1-0

[Event "Live Chess"]
[Site "Chess.com"]
[Date "2024.06.01"]
[Round "-"]
[White "NAZRIZ1977"]
[Black "FlyingChessKestrel13"]
[Result "0-1"]
[WhiteElo "2128"]
[BlackElo "2129"]
[TimeControl "300"]
[EndTime "9:17:32 PDT"]
[Termination "FlyingChessKestrel13 won by resignation"]

1. d4 d5 2. Nf3 Nf6 3. e3 e6 4.
Bd3 Be7 5. Nbd2 O-O 6. O-O Nbd7 7.
c3 b6 8. e4 dxe4 9. Nxe4 Bb7 10. Qe2 Nxe4 11. Bxe4 Bxe4 12. Qxe4 Nf6 13. Qh4 c5 14.
dxc5 bxc5 15. Bg5 h6 16. Bxh6 gxh6 17. Qxh6 Qd5 18. Ng5 Qf5 0-1

[Event "Live Chess"]
[Site "Chess.com"]
[Date "2024.06.01"]
[Round "-"]
[White "Shorr-Kan"]
[Black "TedUdale"]
[Result "0-1"]
[WhiteElo "1046"]
[BlackElo "2171"]
[TimeControl "300"]
[EndTime "9:17:33 PDT"]
[Termination "TedUdale won by checkmate"]

1. e4 c5 2. d4 cxd4 3. c3 Nc6 4. cxd4 d5 5. e5 e6 6. Bd3 Nge7 7. Nf3 Nf5 8. O-O Be7 9. Nc3 Bd7 10. a3 a6 11. b4 b5 12. h3 Nfxd4 13. Nxd4 Nxd4 14. Be2 Nc6 15. f4 Rc8 16. Bg4 O-O 17. f5 Nxe5 18. fxe6 Bxe6 19. Bxe6 fxe6 20. Rf2 Rxc3 21. Bb2 Re3 22. Re2 Nc4 23. Rxe3 Nxe3 24. Qd4 Bf6 25. Qxe3 Bxb2 26. Qxe6+ Kh8 27. Re1 Qg5 28. Qe8 Bd4+ 29. Kh1 Qf6 30. Re6 Qf1+ 31. Kh2 Bg1+ 32. Kg3 Qf4# 0-1

[Event "Live Chess"]
[Site "Chess.com"]
[Date "2024.06.01"]
[Round "-"]
[White "Grieve72"]
[Black "Eva3337"]
[Result "1-0"]
[WhiteElo "2650"]
[BlackElo "1127"]
[TimeControl "300"]
[EndTime "9:17:35 PDT"]
[Termination "Grieve72 won by resignation"]

1. e4 Nc6 2. Nf3 d6 3. d4 Bg4 4. Nc3 Nf6 5. Bb5 Qd7 6. d5 a6 7.
dxc6 bxc6 8. Ba4 Qe6 9. Bxc6+ Kd8 10. Bxa8 Nxe4 11. Nxe4 Qxe4+ 12. Bxe4 1-0

[Event "Live Chess"]
[Site "Chess.com"]
[Date "2024.06.01"]
[Round "-"]
[White "EdenHazard8"]
[Black "Trecregin"]
[Result "0-1"]
[WhiteElo "2182"]
[BlackElo "1798"]
[TimeControl "300"]
[EndTime "9:17:36 PDT"]
[Termination "Trecregin won on time"]

1. e4 Nf6 2. e5 Ng8 3. d4 d6 4. exd6 exd6 5. Nf3 d5 6. Bd3 Nf6 7.
O-O Bd6 8. Re1+ Be6 9. Ng5 O-O 10.
Nxe6 fxe6 11. Rxe6 Qd7 12. Qe2 Nc6 13. c3 Rae8 14.
Rxe8 Rxe8 15. Be3 Ng4 16. h3 Nxe3 17. fxe3 Qe7 18. Nd2 Qxe3+ 19. Qxe3 Rxe3 20. Bf1 Ne7 21. Nf3 Bg3 22. Rd1 Ng6 23. Rd3 Re7 24. Nd2 Bd6 25. Rf3 Re1 26. Kf2 Rc1 27. g3 Rc2 28.
Ke3 Rxb2 29. c4 c6 30. cxd5 cxd5 31. Bd3 Be7 32. h4 Nf8 33. a4 Ra2 34. Ke2 g6 35.
Kd1 Kg7 36. Re3 Bf6 37. Nf3 Ra3 38. g4 Ra1+ 39. Ke2 Ra2+ 40. Kd1 Rxa4 41. g5 Bxd4 42.
Re7+ Kg8 43. Rxb7 Bb6 44. Bb5 Ne6 45. Bc6 Ra1+ 46. Ke2 Nf4+ 47. Kd2 Ra2+ 48. Kc3 Ba5+ 49. Kb3 Rf2 50. Ne5 Bd8 51. Rb8 Kg7 52. Rxd8 Rf3+ 53. Ka4 Nd3 0-1

[Event "Live Chess"]
[Site "Chess.com"]
[Date "2024.06.01"]
[Round "-"]
[White "Crowded_House"]
[Black "Richardallis"]
[Result "0-1"]
[WhiteElo "1740"]
[BlackElo "1927"]
[TimeControl "300"]
[EndTime "9:17:37 PDT"]
[Termination "Richardallis won by resignation"]

1. d4 c5 2. c3 cxd4 3. Qxd4 f5 4. e3 Nf6 5. Bd3 d5 6. Nf3 Nc6 7. Qa4 Bd7 8. Qc2 e6 9. Nbd2 Bd6 10. O-O O-O 11.
b3 Ne4 12. Bb5 Rc8 13. Qb2 Ne5 14. Bxd7 Qxd7 15. Nxe5 Bxe5 16. Qa3 Nxc3 17. Bb2 Nb5 18. Qb4 Bxb2 19. Rab1 Bc3 0-1

[Event "Live Chess"]
[Site "Chess.com"]
[Date "2024.06.01"]
[Round "-"]
[White "karina55"]
[Black "Berdgross"]
[Result "1-0"]
[WhiteElo "1735"]
[BlackElo "570"]
[TimeControl "300"]
[EndTime "9:17:44 PDT"]
[Termination "karina55 won by resignation"]

1. e4 e5 2. Nc3 d6 3. Bc4 Nf6 4. a4 a6 5. d3 Nc6 6. f4 h6 7.
Nf3 g5 8. fxg5 hxg5 9. Bxg5 Be7 10. O-O Ng4 11. Bxe7 Qxe7 12. Nd5 Qd7 13. Ng5 Nxh2 14. Nf6+ Ke7 15. Nxd7 Bxd7 16. Rxf7+ Ke8 17. Rf2 Ng4 18.
Rf3 Nd4 19. c3 Nxf3+ 20. Qxf3 Nh2 21. Qf7+ Kd8 22. Qf6+ Ke8 23. Qxh8+ 1-0

[Event "Live Chess"]
[Site "Chess.com"]
[Date "2024.06.01"]
[Round "-"]
[White "Mangoalo"]
[Black "TheRedDrag"]
[Result "0-1"]
[WhiteElo "996"]
[BlackElo "2184"]
[TimeControl "300"]
[EndTime "9:17:44 PDT"]
[Termination "TheRedDrag won by resignation"]

1. e4 e5 2. f4 exf4 3. Nf3 g5 4.
Bc4 g4 5. O-O gxf3 6. Qxf3 Qf6 7.
Bb3 Nc6 8. Nc3 Bh6 9. d3 Nd4 10. Qf2 c6 11. Bxf4 Bxf4 12. Qxf4 Qxf4 13. Rxf4 Ne6 14. Rf2 Ne7 15. Bxe6 dxe6 16. Raf1 f5 17. exf5 Nxf5 18. Ne4 Ke7 19. Ng3 Nxg3 20. hxg3 Kd6 21. c4 b5 22. cxb5 cxb5 23. b4 Bb7 24. Kh2 Rhg8 25.
Rf7 Bd5 26. R1f6 Bxa2 27. Rxh7 Rh8 28. Rxh8 Rxh8+ 29. Kg1 Rg8 30. Kf2 Rg7 31. d4 Kd5 32. Rf7 Rxf7+ 0-1

[Event "Live Chess"]
[Site "Chess.com"]
[Date "2024.06.01"]
[Round "-"]
[White "gmnorfolk"]
[Black "Pizzaman313"]
[Result "1-0"]
[WhiteElo "2138"]
[BlackElo "1193"]
[TimeControl "300"]
[EndTime "9:17:46 PDT"]
[Termination "gmnorfolk won by resignation"]

1. c4 e5 2. Nc3 Nc6 3. Nf3 Bc5 4. e3 d6 5. d4 exd4 6. exd4 Bb4 7. Bd3 Bg4 8. Be3 Nf6 9. Qc2 O-O 10. O-O-O a5 11. h3 Bd7 12. Bg5 h6 13. Bh4 Bxc3 14. bxc3 Na7 15.
g4 b5 16. g5 bxc4 17. Bxc4 hxg5 18. Bxg5 c6 19. Rhg1 d5 20. Bh6 Ne8 21. Bxg7 Nxg7 22. Rxg7+ Kxg7 23. Rg1+ Kh6 24. Qd2+ Kh7 25. Bd3+ f5 26. Ng5+ Kh8 27. Qf4 Qxg5 28. Qxg5 1-0

[Event "Live Chess"]
[Site "Chess.com"]
[Date "2024.06.01"]
[Round "-"]
[White "A3ndrey9"]
[Black "Bob2pen"]
[Result "0-1"]
[WhiteElo "1254"]
[BlackElo "1913"]
[TimeControl "300"]
[EndTime "9:17:58 PDT"]
[Termination "Bob2pen won by resignation"]

1. Nf3 Nf6 2. d4 c5 3. c4 cxd4 4. Nxd4 e5 5. Nb3 Nc6 6. g3 Bb4+ 7. Bd2 O-O 8. Bxb4 Nxb4 9. Bg2 d5 10. cxd5 Nfxd5 11. a3 Ne3 12. Qxd8 Nec2+ 13. Kf1 Rxd8 14. Nc3 Nxa1 15.
Nxa1 Nc6 16. e4 Be6 17. Bf3 Rd2 18. Nd5 Nd4 19. Kg2 Nxf3 20. Kxf3 Bxd5 21. exd5 Rxd5 22.
Rc1 Rad8 23. Kg2 f6 24. Rc7 R5d7 25. Rc3 Kf7 26. Nb3 b6 27. Rf3 Rd3 28. Nc1 Rxf3 29. Kxf3 Ke6 30. b4 Rd1 31. Ne2 Rd3+ 32. Ke4 Rxa3 33.
f4 Ra2 34. f5+ Kd6 35. Nc3 Rxh2 36. Nb5+ Ke7 37. Nxa7 Rc2 38. b5 Kd6 39. Kd3 Rc7 40.
Nc6 Rxc6 41. bxc6 Kxc6 42. Kc4 b5+ 43. Kb4 e4 0-1

[Event "Live Chess"]
[Site "Chess.com"]
[Date "2024.06.01"]
[Round "-"]
[White "defenderalist"]
[Black "Pedrada88"]
[Result "0-1"]
[WhiteElo "1482"]
[BlackElo "2550"]
[TimeControl "300"]
[EndTime "9:17:58 PDT"]
[Termination "Pedrada88 won by resignation"]

1. e4 c6 2. d4 d5 3. Nc3 dxe4 4.
Nxe4 Bf5 5. Ng3 Bg6 6. Nf3 Nd7 7. c3 e6 8. Bd3 Qc7 9. h4 Ngf6 10. h5 Bxd3 11. Qxd3 c5 12. dxc5 Bxc5 13. Be3 O-O-O 14. Bxc5 Nxc5 15. Qe3 Ng4 16. Qg5 Nd3+ 17. Ke2 Ndxf2 18. Rhd1 Qxg3 0-1

[Event "Live Chess"]
[Site "Chess.com"]
[Date "2024.06.01"]
[Round "-"]
[White "LL220284LL"]
[Black "SirGerhard"]
[Result "0-1"]
[WhiteElo "2579"]
[BlackElo "2754"]
[TimeControl "300"]
[EndTime "9:18:10 PDT"]
[Termination "SirGerhard won by resignation"]

1. d4 Nf6 2. Bg5 Ne4 3. Bf4 c5 4. f3 Qa5+ 5. c3 Nf6 6. d5 Qb6 7. Bc1 e6 8. c4 exd5 9. cxd5 c4 10. e4 Bc5 11. Nh3 d6 12. g3 O-O 13. Nc3 Re8 14.
Bg2 Bxh3 15. Bxh3 Nbd7 16. Na4 Bb4+ 17. Kf1 Qa6 18. a3 Ba5 19. Kg2 b5 20. Nc3 Bxc3 21. bxc3 Nc5 22. Bg5 Nfd7 23. a4 Ne5 24. axb5 Qxb5 25.
Be3 Ned3 26. Qb1 Nb3 27. Bxa7 Qb7 28. Ra4 Rxa7 29. Rxc4 Nbc5 30. Qxb7 Rxb7 31. Ra1 Rb2+ 32. Kg1 g6 33. Bg2 Reb8 34. f4 Rb1+ 35. Rxb1 Rxb1+ 36. Bf1 Re1 37. Kg2 Nb2 38. Rb4 Nd1 39. Rb8+ Kg7 40.
e5 dxe5 41. d6 exf4 42. Rc8 Ne3+ 43. Kh3 Rxf1 44. Rxc5 Rd1 45. gxf4 Rxd6 46. Kg3 Rd3 47. Rc8 Nd5+ 48. Kg4 h5+ 49. Kh4 Nxf4 50. Rc4 Ng2+ 0-1

[Event "Live Chess"]
[Site "Chess.com"]
[Date "2024.06.01"]
[Round "-"]
[White "KwikPhoenix"]
[Black "MagnersCarlsberg2870"]
[Result "1-0"]
[WhiteElo "2465"]
[BlackElo "1892"]
[TimeControl "300"]
[EndTime "9:18:20 PDT"]
[Termination "KwikPhoenix won by checkmate"]

1. Nc3 Nf6 2. e4 d5 3. exd5 Nxd5 4. Nf3 Nxc3 5. bxc3 Bg4 6. d4 e6 7. h3 Bh5 8. Bf4 Bd6 9. Bxd6 Qxd6 10. Rb1 b6 11. Be2 O-O 12. O-O c5 13. Bd3 Nd7 14. dxc5 Qxc5 15.
Rb5 Bxf3 16. Qxf3 Qe7 17. Re1 Nf6 18. Rg5 h6 19. Rg3 Rac8 20. Qf4 Nd5 21. Qxh6 Qf6 22.
Qh7# 1-0

[Event "Live Chess"]
[Site "Chess.com"]
[Date "2024.06.01"]
[Round "-"]
[White "YrrriKharkiv"]
[Black "DarranAS"]
[Result "1-0"]
[WhiteElo "2096"]
[BlackElo "1580"]
[TimeControl "300"]
[EndTime "9:18:23 PDT"]
[Termination "YrrriKharkiv won by resignation"]

1. d4 d5 2. Nc3 c6 3. Bf4 Nf6 4. e3 g6 5. h4 h5 6. Nf3 Bg4 7. Be2 Nbd7 8. a3 a5 9. Rb1 e6 10. Ne5 Nxe5 11. Bxe5 Bxe2 12. Qxe2 Bg7 13. O-O O-O 14. b4 axb4 15. axb4 b5 16. e4 Re8 17. g3 Ng4 18. Bxg7 Kxg7 19. f3 Nf6 20. Rfd1 Qc7 21. Kg2 Ra3 22. Rd3 Qa7 23. Nd1 Nd7 24. exd5 cxd5 25. Rxa3 Qxa3 26. Qxb5 Qa7 27. Qd3 Rc8 28. b5 Nb6 29. Ne3 Qa5 30. Kf2 Rc3 31. Qd2 Qa2 32.
Qxc3 Nc4 33. Nxc4 dxc4 34. Rb2 Qa1 35. Kg2 Qd1 36. Qxc4 Qd2+ 37. Kh3 Qf2 38. Rb1 Qxf3 39. Qd3 Qg4+ 40. Kg2 f5 41. Qe3 Kf7 42. b6 1-0

[Event "Live Chess"]
[Site "Chess.com"]
[Date "2024.06.01"]
[Round "-"]
[White "Kyrylo7770"]
[Black "jimwad"]
[Result "0-1"]
[WhiteElo "1699"]
[BlackElo "1223"]
[TimeControl "300"]
[EndTime "9:18:25 PDT"]
[Termination "jimwad won by checkmate"]

1. d4 d5 2. Nf3 Nf6 3. Bf4 c6 4.
e3 Bg4 5. Be2 Nbd7 6. Nfd2 Bxe2 7. Qxe2 e6 8. h4 h6 9. Nc3 Bb4 10. g4 Bxc3 11. bxc3 Nb6 12. g5 hxg5 13. Bxg5 Nbd7 14.
Nb3 Qc7 15. Bf4 Qc8 16. c4 Nh5 17. Bd6 Ndf6 18. c5 Qd7 19. Nd2 b6 20. Nf3 bxc5 21.
Bxc5 Ne4 22. Bb4 a5 23. Ne5 Qb7 24. Bc5 f6 25. Ng6 Rh6 26. Qg4 Nxc5 27. dxc5 f5 28. Qg5 Qf7 29. Ne5 Qc7 30. Rb1 Qxe5 31. Rb6 Qc3+ 32.
Ke2 Qxc5 33. Rhb1 Nf6 34. Qxg7 Qc4+ 35. Kf3 Qg4+ 36. Qxg4 Nxg4 37. Rxc6 Kf7 38. Rb7+ Kf6 39. Rbb6 Re8 40. Ra6 Ne5+ 41. Ke2 Nxc6 42. Rb6 Nb4 43. a3 Nxc2 44. a4 Nb4 45. Rb5 Ra8 46. Kf3 Rxh4 47.
Rb7 Nd3 48. Ke2 Ne5 49. f4 Nc4 50. Kd3 Rh3 51. Kd4 Rxe3 52. Kc5 Rc8+ 53. Kb5 Rb3+ 54. Ka6 Rxb7 55. Kxb7 Rh8 56. Kc6 Ne3 57. Kb5 Rc8 58.
Kxa5 d4 59. Kb5 d3 60. a5 d2 61. a6 d1=Q 62. Kb6 Qd6+ 63. Kb7 Qc6+ 64. Ka7 Rc7+ 65. Kb8 Qxa6 66. Kxc7 Nd5+ 67. Kd7 Qb7+ 68. Kd6 Qc7# 0-1

[Event "Live Chess"]
[Site "Chess.com"]
[Date "2024.06.01"]
[Round "-"]
[White "blunderabit"]
[Black "Cruiseylee78"]
[Result "1-0"]
[WhiteElo "1821"]
[BlackElo "1662"]
[TimeControl "300"]
[EndTime "9:18:27 PDT"]
[Termination "blunderabit won by checkmate"]

1. e4 d6 2. d4 Nd7 3. Nc3 e5 4. Nf3 c6 5. g3 Ngf6 6. Bg2 Qc7 7. O-O Be7 8. a4 h6 9. Re1 Nf8 10. Be3 g5 11. a5 Ng6 12. Qd2 Bg4 13. h3 Bxf3 14.
Bxf3 Qd7 15. Bg2 Rg8 16. dxe5 dxe5 17. Qxd7+ Nxd7 18. Rad1 a6 19. Na4 c5 20. Bf1 h5 21.
Bc4 h4 22. Bxf7+ Kxf7 23. Rxd7 hxg3 24. fxg3 Rgd8 25. Red1 Rxd7 26. Rxd7 Rd8 27. Rxb7 Rd1+ 28. Kg2 Re1 29. Bxg5 Rxe4 30. Nxc5 Rc4 31. Nxa6 Rxc2+ 32. Kf3 Ke6 33. Bxe7 Nxe7 34. Nb8 Rc5 35. b4 Rc3+ 36.
Ke4 Rxg3 37. a6 Rxh3 38. a7 Ra3 39. b5 Nc8 40. Nc6 Ra4+ 41. Ke3 Ra3+ 42. Ke2 Ra2+ 43.
Kd3 Ra3+ 44. Kc2 Ra2+ 45. Kb3 Ra1 46. Kb4 e4 47. Na5 Rxa5 48. Kxa5 Nxa7 49. Rxa7 e3 50.
Kb4 e2 51. Ra1 Ke5 52. Re1 Kf4 53. Rxe2 Kf3 54. Re8 Kf4 55. b6 Kf5 56. b7 Kf4 57.
b8=Q+ Kf5 58. Qd6 Kg5 59. Re5+ Kg4 60. Qd4+ Kf3 61. Re3+ Kf2 62. Qd2+ Kf1 63. Re1# 1-0

[Event "Live Chess"]
[Site "Chess.com"]
[Date "2024.06.01"]
[Round "-"]
[White "IanCalvert2"]
[Black "willc-h99"]
[Result "0-1"]
[WhiteElo "1629"]
[BlackElo "2667"]
[TimeControl "300"]
[EndTime "9:18:27 PDT"]
[Termination "willc-h99 won on time"]

1. b3 a5 2. c4 e5 3. Bb2 Nc6 4. Nc3 Bc5 5. e3 d6 6. Nf3 Nge7 7. Na4 Ba7 8. d4 Bg4 9. dxe5 Nxe5 10. Be2 N7g6 11.
Nxe5 Bxe2 12. Qxe2 Nxe5 13. Bxe5 dxe5 14. Rd1 Qe7 15. O-O O-O 16. Nc3 c6 17. Rd2 Rad8 18. Rfd1 e4 19. Rxd8 Rxd8 20. Rxd8+ Qxd8 21. Qd1 Qe7 22. h3 f5 23. g4 h6 24. gxf5 Qe5 25. Qh5 Bb8 26. Kf1 Bd6 27. Qg6 Bb4 28. Ne2 Qe7 29.
Nf4 Bc3 30. Qe6+ Qxe6 31. Nxe6 b5 32. cxb5 cxb5 33. Ke2 Kf7 34. a4 bxa4 35. bxa4 Kf6 36. f3 Kxf5 37. Nd4+ Bxd4 38. exd4 exf3+ 39. Kxf3 g5 0-1

[Event "Live Chess"]
[Site "Chess.com"]
[Date "2024.06.01"]
[Round "-"]
[White "CheckThis4"]
[Black "Delacorta"]
[Result "1-0"]
[WhiteElo "2692"]
[BlackElo "1400"]
[TimeControl "300"]
[EndTime "9:18:34 PDT"]
[Termination "CheckThis4 won by resignation"]

1. d4 e6 2. Nc3 f5 3. e4 fxe4 4. Nxe4 Nf6 5. Nxf6+ Qxf6 6. Nf3 d5 7. Bg5 Qf7 8. Ne5 Qg8 9. Bd3 Nd7 10. Ng6 Nf6 11. Nxh8 1-0